Map: Orbital Shipyard

Players

juhyg

  • Race: Zerg Zerg
  • League: Bronze

Whaif - Winner!

  • Race: Protoss Protoss
  • League: Silver

VOD

Have the link to the VOD?

Description

Time

  • Played on: Feb. 5, 2016, 8:17 p.m.
  • Length: 2:22
Show
View Real Time Build Order
Export as new Build Order

juhyg Zerg 

Build Orders: Hatch First 

Get SALT Encoding   

  12  0:10  Drone x2  
  14  0:17  Overlord  
  14  0:44  Hatchery  
  13  1:10  Spawning Pool  
  12  1:13  Drone x3  
  15  1:33  Drone  
  16  1:47  Overlord  
  16  1:48  Overlord  
Show
View Real Time Build Order
Export as new Build Order

Whaif Protoss - Winner!

Build Orders: Cannon Rush 

Get SALT Encoding   

  12  0:14  Pylon  
  12  0:37  Forge  
  12  0:54  Pylon  
  12  0:56  Pylon  
  12  1:13  Photon Cannon  
  12  1:16  Photon Cannon  
  12  1:27  Photon Cannon  
  12  1:39  Pylon  
  12  1:58  Pylon  
  12  2:19  Photon Cannon  
  12  2:21  Photon Cannon  
Tags
 
Add a new tag
Caveats
  • Supply blocks, unpowered buildings, or Contaminate may cause inaccurate times.
  • Supply counts are checked every 10 seconds.